 Dungeon Crawl Stone Soup version 0.18.1-2-ga659475 (webtiles) character file.

1507 MTVSty1e the Cudgeler (level 8, -1/76 HPs)
             Began as a Gargoyle Berserker on May 8, 2016.
             Was an Elder of Trog.
             Slain by an orc warrior
             ... wielding a +0 long sword
              (11 damage)
             ... on level 7 of the Dungeon.
             The game lasted 00:17:57 (6075 turns).

MTVSty1e the Cudgeler (Gargoyle Berserker)          Turns: 6075, Time: 00:17:57

Health: -1/76      AC: 20    Str: 29    XL:     8   Next: 82%
Magic:  8/8        EV:  9    Int:  7    God:    Trog [****..]
Gold:   344        SH:  6    Dex:  9    Spells: 0 memorised, 7 levels left

rFire  . . .     SeeInvis .     a - +0 mace
rCold  . . .     Gourm    .     q - +1 plate armour
rNeg   + . .     Faith    .     d - +2 buckler
rPois  ∞         Spirit   .     w - +0 helmet
rElec  +         Dismiss  .     (no cloak)
rCorr  .         Reflect  .     (no gloves)
SustAt .         Harm     .     (no boots)
MR     .....                    (no amulet)
Stlth  ..........               y - ring of stealth
                                b - ring of stealth

@: berserking, very quick, not resistant to hostile enchantments, extremely
unstealthy
A: negative energy resistance 1, electricity resistance, unbreathing,
petrification resistance, rot immunity, AC +5
a: Berserk, Trog's Hand, Brothers in Arms, Burn Spellbooks, Renounce Religion


You were on level 7 of the Dungeon.
You worshipped Trog.
Trog was greatly pleased with you.
You were not hungry.

You visited 1 branch of the dungeon, and saw 7 of its levels.

You collected 344 gold pieces.

Inventory:

Hand Weapons
 a - a +0 mace (weapon)
 p - a +0 vampiric hand axe
 I - a +0 flail of protection
Armour
 d - a +2 buckler (worn)
 q - a +1 plate armour (worn)
 t - a +0 helmet
 w - a +0 helmet (worn)
Jewellery
 b - a ring of stealth (left hand)
 v - an uncursed ring of poison resistance
 y - a ring of stealth (right hand)
 H - a cursed ring of fire
Wands
 e - a wand of acid (5/15)
 A - a wand of disintegration (8/24)
 F - a wand of slowing (19/48)
Scrolls
 k - a scroll of enchant armour
 l - a scroll of fear
 m - 2 scrolls of identify
 s - a scroll of remove curse
 B - a scroll of teleportation
 C - a scroll of blinking
Potions
 f - 2 potions of ambrosia {unknown}
 h - 3 potions of flight
 i - 2 potions of haste {unknown}
 j - a potion of curing {unknown}
 o - a potion of cure mutation {unknown}
 x - a potion of brilliance {unknown}
 z - a potion of heal wounds
 D - a potion of cancellation {unknown}
 G - a potion of agility {unknown}
Comestibles
 c - 5 bread rations
 g - a meat ration
 n - 4 fruits
 r - a beef jerky
 u - a slice of pizza


   Skills:
 * Level 5.8 Fighting
 * Level 6.1 Maces & Flails
 * Level 6.0 Armour
 + Level 3.9 Dodging
 * Level 4.7 Shields


You had 7 spell levels left.
You didn't know any spells.

Dungeon Overview and Level Annotations

Branches:
Dungeon (7/15)
 Temple: D:4-7

Altars:
Ashenzari
Dithmenos
Fedhas
Sif Muna

Shops:
D:4 %*

Annotations:
D:3 Grinder


Innate Abilities, Weirdness & Mutations

You are resistant to torment.
Your stone body is resilient (AC +5).
You are immune to poison.
You resist negative energy.
You are resistant to electric shocks.
You can survive without breathing.
You are immune to petrification.
You are immune to rotting.


Message History

Eat which item? (? for menu, Esc to quit)
You block the orc warrior's attack.
You continue eating.
The orc warrior hits you but does no damage.
You continue eating.
You block the orc warrior's attack.
You finish eating.
That bread ration really hit the spot!
You hit the orc warrior but do no damage.
The orc warrior is heavily wounded.
The orc warrior hits you with a long sword!
* * * LOW HITPOINT WARNING * * *
Your plate armour prevents you from hitting the orc warrior.
The orc warrior is heavily wounded.
The orc warrior hits you with a long sword!
* * * LOW HITPOINT WARNING * * *
A red film seems to cover your vision as you go berserk!
You feel yourself moving faster!
You feel mighty!
You feel somewhat more hungry.
The orc warrior hits you with a long sword!
You die...

#.....##.#######
................
...###..###..## #.##
#..# #.# #..# #.#
#).# ########.# #..#
.........####..######
#######.......5o@...#
#.#####..###.## #.#
#..# #.# #.# #..# #.#
#.. ...# #.# #.#
###.# #.# #.# #.# #.#
#. #.# #.#


You could see an orc warrior and a crimson imp.

Vanquished Creatures
  Sigmund (D:2)
  A sky beast (D:5)
  An ice beast (D:5)
  3 ogres
  A phantom (D:7)
  A giant frog (D:6)
  A water moccasin skeleton (D:5)
  A howler monkey (D:6)
  2 crimson imps (D:6)
  A hound (D:6)
  A giant frog skeleton (D:4)
  An iguana (D:4)
  Jessica (D:2)
  4 orc wizards
  Terence (D:2)
  2 worker ants
  10 gnolls
  6 adders
  2 shadow imps
  An adder skeleton (D:4)
  3 worms
  4 dart slugs
  3 giant geckos
  25 orcs
  2 ball pythons
  13 bats
  7 goblins
  12 hobgoblins
  3 jackals (D:1)
  A ball python zombie (D:5)
  A giant cockroach zombie (D:6)
  A giant gecko skeleton (D:6)
  3 giant newts
  A jackal skeleton (D:5)
  A jackal zombie (D:6)
  4 kobolds
  2 quokka zombies
  9 rats
137 creatures vanquished.

Notes
Turn   | Place    | Note
--------------------------------------------------------------
     0 | D:1      | MTVSty1e the Gargoyle Berserker began the quest for the Orb.
     0 | D:1      | Reached XP level 1. HP: 14/14 MP: 1/1
   203 | D:1      | Found a shattered altar of Ashenzari.
   227 | D:1      | Reached XP level 2. HP: 19/19 MP: 2/2
   448 | D:1      | Reached XP level 3. HP: 12/23 MP: 3/3
   876 | D:1      | Reached ** piety under Trog
  1107 | D:2      | Noticed Terence
  1120 | D:2      | Killed Terence
  1120 | D:2      | Reached XP level 4. HP: 20/29 MP: 4/4
  1124 | D:2      | Reached skill level 1 in Shields
  1412 | D:2      | Noticed Jessica
  1430 | D:2      | Killed Jessica
  1628 | D:2      | Noticed Sigmund
  1640 | D:2      | Killed Sigmund
  1640 | D:2      | Reached XP level 5. HP: 33/34 MP: 5/5
  1640 | D:2      | Reached XP level 6. HP: 37/39 MP: 6/6
  2429 | D:3      | Reached *** piety under Trog
  2857 | D:3      | Found a blossoming altar of Fedhas.
  3192 | D:3      | Reached XP level 7. HP: 44/44 MP: 7/7
  3308 | D:3      | Noticed Grinder
  3527 | D:4      | Found Ugri's General Store.
  3718 | D:4      | Found Jybb's Food Shop.
  3775 | D:4      | Found a shadowy altar of Dithmenos.
  3775 | D:4      | Found a deep blue altar of Sif Muna.
  3972 | D:4      | Reached skill level 5 in Fighting
  4173 | D:5      | Entered Level 5 of the Dungeon
  4214 | D:5      | Reached **** piety under Trog
  4523 | D:5      | Reached skill level 5 in Maces & Flails
  4550 | D:5      | Reached skill level 5 in Armour
  4550 | D:5      | Reached XP level 8. HP: 41/49 MP: 8/8
  6075 | D:7      | Slain by an orc warrior

Skill      XL: |  1  2  3  4  5  6  7  8 |
---------------+-------------------------+-----
Dodging        | 2 3 |  3.9
Shields        | 1 2 3 4 |  4.7
Fighting       | 4 5 |  5.8
Armour         | 3 4 5 6 |  6.0
Maces & Flails | 4 5 6 |  6.1

Action                   |  1- 3 |  4- 6 |  7- 9 || total
-------------------------+-------+-------+-------++-------
Melee: Mace              |    91 |   252 |   428 ||   771
Invok: Berserk           |     2 |     2 |     3 ||     7
       Trog's Hand       |       |     1 |       ||     1
       Burn Spellbooks   |       |       |     1 ||     1
  Use: Scroll            |     1 |     6 |     9 ||    16
  Eat: Bread ration      |     1 |     1 |     1 ||     3
       Meat ration       |       |     1 |     2 ||     3
Armor: Animal skin       |    41 |       |       ||    41
       Ring mail         |    15 |    16 |       ||    31
       Plate armour      |       |   169 |   275 ||   444
Dodge: Dodged            |    99 |   124 |   145 ||   368
Block: Buckler           |     7 |    88 |   118 ||   213
